 Dungeon Crawl Stone Soup version 0.29-a0-330-g52719c12eb (webtiles) character file.

Game seed: 16148183722577827210

990 Ajdolov the Archer (level 8, -1/50 HPs)
             Began as a Tengu Hunter on Apr 21, 2022.
             Killed from afar by an orc wizard (8 damage)
             ... with a puff of flame
             ... on level 6 of the Dungeon.
             The game lasted 00:05:07 (5062 turns).

Ajdolov the Archer (Tengu Hunter)                   Turns: 5062, Time: 00:05:07

Health: -1/50      AC:  4    Str: 13    XL:     8   Next: 18%
Magic:  9/9        EV: 14    Int:  9    God:
Gold:   242        SH:  5    Dex: 19    Spells: 7/7 levels left

rFire   . . .      SeeInvis .   a - +1 shortbow
rCold   . . .      Faith    .   (shield currently unavailable)
rNeg    . . .      Spirit   .   b - +0 leather armour
rPois   .          Reflect  +   (helmet restricted)
rElec   .          Harm     .   p - +0 cloak
rCorr   .          Rampage  .   (no gloves)
Will    .....                   (boots unavailable)
Stlth   ++........              s - amulet of reflection
HPRegen 0.16/turn               (no ring)
MPRegen 0.11/turn               (no ring)

@: flying quickly and evasively, quick
A: beak, talons 3, nimble flight
a: no special abilities


You were on level 6 of the Dungeon.
You visited 1 branch of the dungeon, and saw 6 of its levels.

You collected 242 gold pieces.

Inventory:

Hand Weapons
 a - a +1 shortbow (weapon)
Missiles
 u - a throwing net
Armour
 b - a +0 leather armour (worn)
 p - a +0 cloak (worn)
Jewellery
 s - an amulet of reflection (around neck)
Scrolls
 c - a scroll of immolation
 d - 2 scrolls of fog {unknown}
 h - a scroll of holy word {unknown}
 i - 4 scrolls of identify {unknown}
 k - a scroll of amnesia {unknown}
 o - 3 scrolls of magic mapping {unknown}
 t - a scroll of summoning {unknown}
 w - a scroll of fear {unknown}
Potions
 e - a potion of mutation {unknown}
 f - a potion of attraction {unknown}
 g - 2 potions of curing {unknown}
 j - 2 potions of degeneration {unknown}
 l - 2 potions of haste {unknown}
 m - 3 potions of brilliance {unknown}
 n - a potion of lignification {unknown}
 q - 2 potions of might {unknown}
 r - 3 potions of heal wounds {unknown}
 v - a potion of flight {unknown}


   Skills:
 + Level 5.6 Fighting
 * Level 9.4 Bows
 - Level 2.1 Dodging
 - Level 1.0 Stealth


You had 7 spell levels left.
You didn't know any spells.
Your spell library contained the following spells:

 Spells                   Type           Power      Damage    Failure   Level
 Blink                    Tloc           0%         N/A       61%         2
 Summon Guardian Golem    Hex/Summ       0%         N/A       83%         3
 Manifold Assault         Tloc           0%         N/A       100%        5
 Orb of Destruction       Conj           0%         9d5       100%        7
 Spellforged Servitor     Conj/Summ      0%         N/A       100%        7
 Storm Form               Tmut/Air       0%         N/A       100%        7


Dungeon Overview and Level Annotations

Branches:
Dungeon (6/15)
 Temple: D:4-7

Altars:


Innate Abilities, Weirdness & Mutations

You have a beak for a mouth.
You have claws for feet.
Your magical nature lets you fly swiftly and evasively.


Message History

Something hits you.
You shoot an arrow. The arrow hits the orc priest.
The orc priest is lightly wounded.
Something barely misses you.
The orc priest looks encouraged for a moment.
You shoot an arrow. You block something's attack.
You shoot an arrow. The arrow hits the orc priest!
The orc priest is heavily wounded.
You hear some strange, mumbled words.
A puff of flame appears from out of thin air!
The puff of flame hits you!
The orc priest calls down the wrath of Beogh upon you.
Beogh smites you!
* * * LOW HITPOINT WARNING * * *
Shoot: a) +1 shortbow
Press: ? - help, Q - select action, (/) - cycle Shift-Dir - straight line, f/p - orc priest
Aim: an orc priest, wielding a +0 dagger (heavily wounded, 68% to hit)
You shoot an arrow.
The arrow closely misses the orc priest.
Something hits you but does no damage.
Shoot: a) +1 shortbow
Press: ? - help, Q - select action, (/) - cycle Shift-Dir - straight line, f/p - orc priest
Aim: an orc priest, wielding a +0 dagger (heavily wounded, 68% to hit)
You shoot an arrow. The arrow hits the orc priest!
You kill the orc priest!
Something hits you.
* * * LOW HITPOINT WARNING * * *
Shoot: a) +1 shortbow
Press: ? - help, Q - select action, (/) - cycle Shift-Dir - straight line, f - you Really target yourself?
Okay, then.
Unknown command.
There are no items here.
Something hits you.
* * * LOW HITPOINT WARNING * * *
A bullfrog comes into view.
You hear some strange, mumbled words.
A puff of flame appears from out of thin air!
The puff of flame hits you!
You die...

#.########. #.# #.# ##
#.# #.# #.# ## #.# #.#
#.. # # #F# #.# #.#
#.# .#.# #.#
#.###.#####.#### #.#
#.#.......@....#
#.####.#...#####.##.#
#..........#####{# .#
#####.........##.# .#
#..........#.##.#.####
#.........##..........
####...##......)......
#...##.#####.#.####
#.......# .# #


You could see a bullfrog (asleep).

Vanquished Creatures
  A sky beast (D:5)
  A black bear (D:5)
  2 ogres
  3 phantoms
  A scorpion (D:6)
  A howler monkey (D:5)
  An orc priest (D:6)
  3 hounds (D:5)
  2 iguanas (D:4)
  4 adders
  4 gnolls (D:4)
  A shadow imp (D:4)
  An ufetubus (D:4)
  3 dart slugs
  2 worms
  3 orcs
  6 bats
  2 endoplasms
  3 giant cockroaches
  5 goblins
  5 hobgoblins
  3 quokkas
  6 ball pythons
  3 frilled lizards (D:1)
  5 kobolds
71 creatures vanquished.

Vanquished Creatures (others)
  3 plants
3 creatures vanquished.

Grand Total: 74 creatures vanquished

Notes
Turn   | Place    | Note
-------+----------+-------------------------------------------
     0 | D:1      | Ajdolov the Tengu Hunter began the quest for the Orb.
     0 | D:1      | Reached XP level 1. HP: 12/12 MP: 2/2
   284 | D:1      | Reached XP level 2. HP: 17/17 MP: 3/3
   355 | D:1      | Found a faded altar of an unknown god.
   477 | D:1      | Reached skill level 5 in Bows
   940 | D:2      | Reached XP level 3. HP: 22/22 MP: 4/4
  1134 | D:2      | Identified the +7 dagger "Loirch" {flame, *Corrode rPois
                  | Str+2}
  1863 | D:3      | Reached XP level 4. HP: 27/27 MP: 5/5
  2455 | D:4      | Identified the +0 chain mail of Plog {Stlth+}
  2528 | D:4      | Noticed an ogre
  2781 | D:4      | Noticed a phantom
  2789 | D:4      | Killed a phantom
  2790 | D:4      | Reached skill level 6 in Bows
  2790 | D:4      | Gained mutation: Your magical nature lets you fly swiftly
                  | and evasively. [Tengu growth]
  2790 | D:4      | Reached XP level 5. HP: 32/32 MP: 6/6
  2934 | D:4      | Reached XP level 6. HP: 38/38 MP: 7/7
  3177 | D:4      | Reached skill level 7 in Bows
  3474 | D:5      | Entered Level 5 of the Dungeon
  3816 | D:5      | Reached XP level 7. HP: 32/44 MP: 8/8
  3929 | D:5      | Reached skill level 8 in Bows
  4268 | D:5      | Reached skill level 5 in Fighting
  4470 | D:5      | Reached skill level 9 in Bows
  4470 | D:5      | Reached XP level 8. HP: 49/49 MP: 9/9
  5062 | D:6      | Killed from afar by an orc wizard

Illustrated notes

Levels and vault maps discovered:
D:1:      amcnicky_arrival_feature_with_door, layout_loops_corners,
          hellmonk_ecumenical_altar_pennies_from_heaven
D:2:      layout_basic, chequers_serial_rivers_marsh
D:3:      layout_loops_ring, serial_forest, infiniplex_forest_lined_3,
          infiniplex_forest_straight_3, infiniplex_forest_clump_tiny,
          infiniplex_forest_clump_cross
D:4:      layout_basic
D:5:      layout_layer_cave, serial_bayou_crossing
D:6:      layout_loops_ring, minmay_temple_entry_tees

Skill      XL: |  1  2  3  4  5  6  7 |
---------------+----------------------+-----
Bows           | 5 6 7 9 |  9.4
Fighting       | 3 4 5 |  5.6
Dodging        | |  2.1
Stealth        | |  1.0

Action                   |  1- 3 |  4- 6 |  7- 9 || total
-------------------------+-------+-------+-------++-------
 Fire: Shortbow          |    83 |   100 |    62 ||   245
Armor: Leather armour    |     2 |     1 |     5 ||     8
Dodge: Dodged            |    16 |    10 |    14 ||    40
Block: Other             |       |     3 |     4 ||     7

Table legend: (Time is in decaauts)
 A = Elapsed time spent in this place.
 B = Non-inter-level travel time spent in this place.
 C = Inter-level travel time spent in this place.
 D = Time resting spent in this place.
 E = Time spent auto-exploring this place.
 F = Levels seen in this place.
 G = Mean time per level.
                   A        B        C        D        E       F      G
               +--------+--------+--------+--------+--------+-----+--------+
         Total |   4946 |   4639 |    307 |      0 |   3959 |   6 |  824.3 |
       Dungeon |   4946 |   4639 |    307 |      0 |   3959 |   6 |  824.3 |
               +--------+--------+--------+--------+--------+-----+--------+

Top non-repeatable levels by time:
     D:5: 1324 daAuts
     D:3: 965 daAuts
     D:1: 931 daAuts
     D:4: 925 daAuts
     D:2: 748 daAuts
     D:6: 51 daAuts
